 Dungeon Crawl Stone Soup version 0.19.1-1-g22dce08 (webtiles) character file.

86 godfroggy the Cudgeler (level 4, -2/39 HPs)
             Began as a Minotaur Monk on Jan 6, 2017.
             Slain by a centaur (8 damage)
             ... on level 3 of the Dungeon.
             The game lasted 00:08:01 (2085 turns).

godfroggy the Cudgeler (Minotaur Monk)              Turns: 2085, Time: 00:08:02

Health: -2/39      AC:  5    Str: 17    XL:     4   Next: 26%
Magic:  3/3        EV: 12    Int:  7    God:
Gold:   44         SH:  0    Dex: 12    Spells: 0 memorised, 3 levels left

rFire  . . .     SeeInvis .     m - -2 whip (curse)
rCold  . . .     Gourm    .     i - +0 ring mail
rNeg   . . .     Faith    .     (no shield)
rPois  .         Spirit   .     (helmet restricted)
rElec  .         Reflect  .     (no cloak)
rCorr  .         Harm     .     (no gloves)
MR     .....                    (no boots)
Stlth  +.........               (no amulet)
                                (no ring)
                                (no ring)

@: no status effects
A: retaliatory headbutt, horns 2
a: no special abilities


You were on level 3 of the Dungeon.
You were hungry.

You visited 1 branch of the dungeon, and saw 3 of its levels.

You collected 44 gold pieces.

Inventory:

Hand Weapons
 a - a +1 mace
 m - a cursed -2 whip (weapon)
Armour
 b - a +0 robe
 i - a +0 ring mail (worn)
Scrolls
 g - 2 scrolls of fear
 h - a scroll of enchant weapon
Potions
 e - a potion of curing
 f - a potion of lignification {unknown}
 j - a potion of flight {unknown}
Comestibles
 c - 2 bread rations
 d - 2 beef jerkies
 k - a royal jelly


   Skills:
 - Level 3.6 Fighting
 + Level 6.2 Maces & Flails
 - Level 3.2 Dodging
 - Level 1.5 Stealth


You had 3 spell levels left.
You didn't know any spells.

Dungeon Overview and Level Annotations

Branches:
Dungeon (3/15)

Altars:

Annotations:
D:3 Exporg's ghost, amateur MiFi


Innate Abilities, Weirdness & Mutations

You reflexively headbutt those who attack you in melee.
You have a pair of horns on your head.


Message History

The centaur hits you.
The centaur hits you but does no damage.
You hit the centaur but do no damage. You headbutt the centaur.
The centaur is heavily wounded.
The centaur hits you but does no damage.
You hit the centaur but do no damage.
The centaur is heavily wounded.
The centaur closely misses you. The centaur closely misses you.
You closely miss the centaur.
The centaur is heavily wounded.
The centaur hits you but does no damage.
You hit the centaur.
The centaur is heavily wounded.
The centaur hits you.
* * * LOW HITPOINT WARNING * * *
You barely miss the centaur.
The centaur is heavily wounded.
The centaur hits you!
You die...

#.....# #....##...#.#
...(.## #.....##..#.#
†.##.# #.....##..#.#
..##.## #........>#.#
..##..# ###....#.##...#
..##### #......#.###..#
..... # #####..#...†..#
...## #.#####..##<...##
# ...#
#.wc@..........##.#
...#
#......#####..#.......#
+#... #......
###..#..#.#### ###
....... ##.........#
##..... #..........## #
#..... #......#....# #
#..... #...........# #
#..... #...........# #
#.#####.....## #


You could see a centaur and a dart slug.

Vanquished Creatures
  2 adders (D:3)
  3 dart slugs
  2 leopard geckos
  3 giant cockroaches
  8 goblins
  10 hobgoblins
  4 jackals (D:3)
  5 kobolds
  A quokka (D:2)
  A ball python (D:2)
  7 bats
  5 frilled lizards
  3 rats
54 creatures vanquished.

Notes
Turn   | Place    | Note
-------+----------+-------------------------------------------
     0 | D:1      | godfroggy the Minotaur Monk began the quest for the Orb.
     0 | D:1      | Reached XP level 1. HP: 19/19 MP: 0/0
   109 | D:1      | Reached skill level 4 in Maces & Flails
   187 | D:1      | Reached XP level 2. HP: 17/26 MP: 1/1
   678 | D:1      | Reached skill level 5 in Maces & Flails
   804 | D:2      | Reached XP level 3. HP: 27/31 MP: 2/2
  1612 | D:3      | Reached XP level 4. HP: 39/39 MP: 3/3
  1674 | D:3      | Reached skill level 6 in Maces & Flails
  1775 | D:3      | Noticed Exporg's ghost (amateur MiFi)
  2067 | D:3      | Noticed a centaur
  2085 | D:3      | Slain by a centaur

Skill      XL: |  1  2  3  4 |
---------------+-------------+-----
Maces & Flails | 4 5 6 |  6.2
Fighting       | |  3.6
Dodging        | |  3.2
Stealth        | |  1.5

Action                   |  1- 3 |  4- 6 || total
-------------------------+-------+-------++-------
Melee: Mace              |    70 |       ||    70
       Headbutt          |    17 |     7 ||    24
       Whip              |    43 |    46 ||    89
  Use: Scroll            |     6 |       ||     6
 Stab: Sleeping          |     6 |       ||     6
  Eat: Chunk             |     2 |     1 ||     3
Armor: Robe              |    15 |     1 ||    16
       Ring mail         |       |    13 ||    13
Dodge: Dodged            |    78 |    32 ||   110
